 Dungeon Crawl Stone Soup version 0.26-a0-808-g930a2b7adc (webtiles) character file.

Game seed: 284489936921472292

5 ANON1729 the Ducker (level 1, 0/9 HPs)
             Began as a Spriggan Transmuter on Nov 12, 2020.
             Slain by a bat (1 damage)
             ... on level 1 of the Dungeon.
             The game lasted 00:00:49 (205 turns).

ANON1729 the Ducker (Spriggan Transmuter)            Turns: 205, Time: 00:00:49

Health: 0/9        AC:  2    Str:  6    XL:     1   Next: 66%
Magic:  5/5        EV: 18    Int: 14    God:
Gold:   0          SH:  0    Dex: 16    Spells: 4/5 levels left

rFire    . . .     SeeInvis +     - Unarmed
rCold    . . .     Faith    .   (shield restricted)
rNeg     . . .     Spirit   .   a - +0 robe
rPois    .         Reflect  .   (helmet currently unavailable)
rElec    .         Harm     .   (no cloak)
rCorr    .         Rampage  .   (gloves unavailable)
MR       .....                  (boots unavailable)
Stlth    +.........             b - amulet of inaccuracy (curse)
HPRegen  0.03/turn              (no ring)
MPRegen  0.09/turn              (no ring)

@: appendages (expiring), very quick
A: very small, unfitting armour, horns 2, talons 2, see invisible, speed 3
a: End Transformation


You were on level 1 of the Dungeon.
You had grown temporary horns.
You had grown temporary talons.
You visited 1 branch of the dungeon, and saw 1 of its levels.

Inventory:

Armour
 a - a +0 robe (worn)
Jewellery
 b - a cursed amulet of inaccuracy (around neck)


   Skills:
 + Level 0.8 Fighting
 + Level 3.1 Dodging
 + Level 2.5 Unarmed Combat
 + Level 2.7 Spellcasting
 * Level 3.0 Transmutations


You had 4 spell levels left.
You knew the following spells:

 Your Spells              Type           Power        Failure   Level
a - Beastly Appendage     Tmut           ##....       6%          1

Your spell library contained the following spells:

 Spells                   Type           Power        Failure   Level
 Wereblood                Tmut           ##......     10%         2
 Spider Form              Tmut/Pois      #.........   34%         3
 Ice Form                 Ice/Tmut       #.......     75%         4
 Blade Hands              Tmut           ##........   87%         5


Dungeon Overview and Level Annotations

Branches:
Dungeon (1/15)

Altars:


Innate Abilities, Weirdness & Mutations

You are very small and have problems with some larger weapons.
You are too small for most types of armour.
You have supernaturally acute eyesight. (SInv)
You cover ground extremely quickly.
You have a pair of horns on your head.
You have razor-sharp toenails.


Message History

You hit the goblin.
You kill the goblin!
The bat misses you.
You hit the leopard gecko but do no damage.
Your kick misses the leopard gecko.
The leopard gecko is heavily wounded.
Your transformation is almost over.
The bat hits you but does no damage. The leopard gecko barely misses you.
You barely miss the leopard gecko. Your headbutt misses the leopard gecko.
The leopard gecko is heavily wounded.
The bat misses you. The leopard gecko bites you.
* * * LOW HITPOINT WARNING * * *
You miss the leopard gecko. You claw the leopard gecko.
You kill the leopard gecko!
Your Transmutations skill increases to level 3!
The bat hits you but does no damage.
You hit the bat.
The bat is severely wounded.
The bat hits you.
You die...

#####
#@<.#
#b..#
#...#
#r..#
#.#.#
#.#.#
#...#
#...#
#...#


You could see a bat and a rat.

Vanquished Creatures
  A leopard gecko (D:1)
  A goblin (D:1)
  A kobold (D:1)
  A bat (D:1)
4 creatures vanquished.

Notes
Turn   | Place    | Note
-------+----------+-------------------------------------------
     0 | D:1      | ANON1729 the Spriggan Transmuter began the quest for the
                  | Orb.
     0 | D:1      | Reached XP level 1. HP: 9/9 MP: 5/5
   205 | D:1      | Slain by a bat

Illustrated notes

Levels and vault maps discovered:
D:1:      wheals_arrival_shading, layout_basic, minmay_splitting_lines,
          kennysheep_decorative_pillar

Skill      XL: |  1 |
---------------+----+-----
Transmutations | 3 |  3.0
Fighting       | |  0.8
Dodging        | |  3.1
Unarmed Combat | |  2.5
Spellcasting   | |  2.7

Action                   || total
-------------------------++-------
Melee: Unarmed           ||    23
       Kick              ||     3
 Cast: Beastly Appendage ||     3
Armor: Robe              ||     6
Dodge: Dodged            ||    30

Table legend: (Time is in decaauts)
 A = Elapsed time spent in this place.
 B = Non-inter-level travel time spent in this place.
 C = Inter-level travel time spent in this place.
 D = Time resting spent in this place.
 E = Time spent auto-exploring this place.
 F = Levels seen in this place.
 G = Mean time per level.
                   A        B        C        D        E       F      G
               +--------+--------+--------+--------+--------+-----+--------+
         Total |    181 |    181 |      0 |      4 |    115 |   1 |  181.0 |
       Dungeon |    181 |    181 |      0 |      4 |    115 |   1 |  181.0 |
               +--------+--------+--------+--------+--------+-----+--------+

Top non-repeatable levels by time:
     D:1: 181 daAuts
